cohdb
Replays
Latest Replays
All Replays
Popular Replays
Top Player Replays
Match Explorer
How It Works
Community
CoH3 Stats
Reddit
Sign in to upload your games and track your stats! →
Sign in with Steam
Match 45227570
Unlisted
Match 45227570
Overview
Messages
Build Orders
End
Panzergrenadier Squad
250 Light Carrier
Panzergrenadier Squad
Construct Light Support Kompanie
MG34 Team
Fire Support Elements
le.IG 18 Support Gun Team
Vehicle Survival Package
Construct Panzerarmee Kommand
Tungsten Core Ammunition
Selects Armored Support Battlegroup
Selects Armored Support Battlegroup
Emergency Repair Kits
Armored Reserves
Rapid Advance
Selects Salvage Kits
Selects Salvage Kits
Selects Veteran Gunners
MG34 Team
Advanced Optics
BusanStyle
Alnanaz
Senten[GER]
유유
Boom
装甲教导团
Alone._.Wolf
potatoo
0
0
Comments
sign in to comment!
No comments posted yet!